 Dungeon Crawl Stone Soup version 0.23-a0-831-g5da158a (webtiles) character file.

1778226 Ijustatesigmund the Victor of a Thousand Battles (level 27, 264/264 HPs)
             Began as a Hill Orc Fighter on Jan 17, 2019.
             Was the Champion of Okawaru.
             Escaped with the Orb
             ... and 3 runes on Jan 23, 2019!
             The game lasted 04:36:23 (73088 turns).

Ijustatesigmund (HOFi)                             Turns: 73088, Time: 04:36:23

Health: 264/264    AC: 38    Str: 29    XL:     27
Magic:  40/40      EV: 28    Int:  7    God:    Okawaru [******]
Gold:   4952       SH: 39    Dex: 31    Spells: 16/26 levels left

rFire    + + +     SeeInvis .   O - +8 mithril axe "Arga" {speed, MR+}
rCold    . . .     Gourm    .   X - +8 large shield {AC+3}
rNeg     + . .     Faith    .   V - +1 plate armour of the Kangaroo {Regen+ Slay+3}
rPois    +         Spirit   .   R - +2 helmet "Tynnouza" {+Blink Int-2 Dex+6 Stlth+}
rElec    .         Reflect  .   U - +0 cloak of Okawaru's Castigation {rN+ Str+6}
rCorr    .         Harm     .   v - +2 pair of gloves {Dex+3}
MR       +++..                  A - +2 pair of boots {run}
Stlth    ..........             c - amulet of Lasu {Acrobat rPois Dex+4 Slay+3}
HPRegen  0.94/turn              p - +4 ring of evasion
MPRegen  0.27/turn              N - ring "Tofus Cuo" {rPois rF+++ Int-3 Dex+5}

@: studying Fire Magic, quick
A: large bone plates 1, dopey 1, fire resistance 1, screaming 1, MP-powered
wands
0: Orb of Zot
}: 3/15 runes: barnacled, silver, gossamer
a: Heroism, Finesse, Renounce Religion, Evoke Blink


You escaped.
You worshipped Okawaru.
Okawaru was exalted by your worship.
You were not hungry.

You visited 12 branches of the dungeon, and saw 54 of its levels.
You visited 2 bazaars.
You visited 1 ziggurat, and saw 15 of its levels.
You also visited: Trove, Ossuary, Bailey and Gauntlet.

You collected 9988 gold pieces.
You spent 5036 gold pieces at shops.

Inventory:

Hand Weapons
 O - the +8 mithril axe "Arga" (weapon) {speed, MR+}
   (Okawaru gifted it to you on level 2 of the Vaults)

   Attacks with this weapon are significantly faster.
   It affects your resistance to hostile enchantments.
 S - a +9 broad axe of chopping
Missiles
 r - 18 silver javelins (quivered)
Armour
 v - a +2 pair of gloves of dexterity (worn)
 A - a +2 pair of boots of running (worn)
 R - the +2 helmet "Tynnouza" (worn) {+Blink Int-2 Dex+6 Stlth+}
   (You found it in a Gauntlet)

   It affects your intelligence (-2).
   It affects your dexterity (+6).
   It lets you blink.
   It makes you more stealthy.
 U - the +0 cloak of Okawaru's Castigation (worn) {rN+ Str+6}
   (Okawaru gifted it to you on level 3 of the Lair of Beasts)

   It affects your strength (+6).
   It protects you from negative energy.
 V - the +1 plate armour of the Kangaroo (worn) {Regen+ Slay+3}
   (Okawaru gifted it to you on level 5 of the Vaults)

   It affects your accuracy and damage with ranged weapons and melee attacks
   (+3).
   It increases your rate of regeneration.
 X - a +8 large shield of protection (worn)
Jewellery
 c - the amulet of Lasu (around neck) {Acrobat rPois Dex+4 Slay+3}
   (You found it on level 13 of a ziggurat)

   [amulet of the acrobat]

   It helps you evade while moving and waiting.
   It affects your dexterity (+4).
   It affects your accuracy and damage with ranged weapons and melee attacks
   (+3).
   It protects you from poison.
 o - the ring of Ivvaed {rF+ rN+ Str+7 Int+3}
   (You found it on level 3 of the Crypt)

   [ring of positive energy]

   It affects your strength (+7).
   It affects your intelligence (+3).
   It protects you from fire.
   It protects you from negative energy.
 p - a +4 ring of evasion (left hand)
 C - the ring of Saeqy {+Fly rN+ Int+2 SInv Stlth+}
   (You bought it in a shop in a bazaar)

   [ring of stealth]

   It affects your intelligence (+2).
   It protects you from negative energy.
   It lets you see invisible.
   It lets you fly.
   It makes you more stealthy.
 N - the ring "Tofus Cuo" (right hand) {rPois rF+++ Int-3 Dex+5}
   (You found it on level 1 of the Elven Halls)

   [ring of poison resistance]

   It affects your intelligence (-3).
   It affects your dexterity (+5).
   It renders you almost immune to fire.
   It protects you from poison.
 Q - the ring of Nipalaasch {MR+ Str+3 Int+2 Stlth+}
   (You took it off a deep elf mage on level 1 of the Elven Halls)

   [ring of strength]

   It affects your strength (+3).
   It affects your intelligence (+2).
   It affects your resistance to hostile enchantments.
   It makes you more stealthy.
 T - an uncursed amulet of regeneration
 W - the ring "Mutzayvu" {Wiz rC+ Str-2 Int+4 Dex+3}
   (You found it on level 1 of the Elven Halls)

   [ring of wizardry]

   It improves your spell success rate.
   It affects your strength (-2).
   It affects your intelligence (+4).
   It affects your dexterity (+3).
   It protects you from cold.
 Z - the ring of Zuots {+Fly rPois rC+++ Str-2}
   (You took it off a deep elf high priest on level 1 of the Elven Halls)

   [ring of poison resistance]

   It affects your strength (-2).
   It renders you almost immune to cold.
   It protects you from poison.
   It lets you fly.
Wands
 t - a wand of scattershot (2)
 z - a wand of iceblast (12)
 E - a wand of acid (34)
 G - a wand of digging (5)
Scrolls
 b - 3 scrolls of identify
 d - 7 scrolls of fear
 h - a scroll of silence
 i - 7 scrolls of blinking
 q - 22 scrolls of remove curse
 s - 3 scrolls of magic mapping
 w - 32 scrolls of teleportation
 L - a scroll of holy word
 M - 3 scrolls of summoning
 P - 13 scrolls of fog
Potions
 j - 2 potions of cancellation
 k - 11 potions of brilliance
 l - 5 potions of flight
 m - 3 potions of heal wounds
 n - 9 potions of magic
 u - 13 potions of curing
 x - 7 potions of mutation
 B - 2 potions of agility
 D - a potion of berserk rage
 H - 9 potions of haste
 I - 5 potions of resistance
 J - 2 potions of invisibility
 Y - 8 potions of might
Books
 K - a manual of Fire Magic
Miscellaneous
 g - 4 phantom mirrors
Comestibles
 f - 86 rations


   Skills:
 + Level 24.5 Fighting
 + Level 25.2 Axes
 - Level 7.5 Throwing
 - Level 23.3 Armour
 + Level 16.2 Dodging
 - Level 23.3 Shields
 - Level 7.4 Conjurations
 - Level 12.0 Translocations
 - Level 6.1 Fire Magic
 O Level 27 Invocations
 - Level 8.5 Evocations


You had 16 spell levels left.
You knew the following spells:

 Your Spells              Type           Power        Failure   Level  Hunger
a - Magic Dart            Conj           ##..         10%         1    ##.....
b - Blink                 Tloc           N/A          2%          2    ###....
c - Conjure Flame         Conj/Fire      #.......     36%         3    ####...
d - Apportation           Tloc           ###...       1%          1    ##.....
e - Lesser Beckoning      Tloc           ###.......   4%          3    ####...

Your spell library contained the following spells:

 Spells                   Type           Power        Failure   Level  Hunger
 Gell's Gravitas          Tloc           ###.......   4%          3    ####...
 Teleport Other           Tloc           ###.....     4%          3    ####...
 Flame Tongue             Conj/Fire      #....        13%         1    ##.....
 Throw Flame              Conj/Fire      #.....       19%         2    ###....
 Shroud of Golubria       Chrm/Tloc      #.........   26%         2    ###....
 Force Lance              Conj/Tloc      ##......     36%         4    #####..
 Shock                    Conj/Air       #...         41%         1    ##.....
 Sting                    Conj/Pois      #...         41%         1    ##.....
 Portal Projectile        Hex/Tloc       #.....       45%         3    ####...
 Recall                   Summ/Tloc      N/A          45%         3    ####...
 Throw Frost              Conj/Ice       #.....       56%         2    ###....
 Iskenderun's Mystic Bla  Conj           ##......     67%         4    #####..
 Sticky Flame             Conj/Fire      #.......     77%         4    #####..
 Dazzling Spray           Conj/Hex       #.....       80%         3    ####...
 Static Discharge         Conj/Air       #.......     80%         3    ####...
 Stone Arrow              Conj/Erth      #.....       80%         3    ####...
 Inner Flame              Hex/Fire       #.......     87%         3    ####...
 Animate Skeleton         Necr           N/A          90%         1    ##.....
 Beastly Appendage        Tmut           #.....       90%         1    ##.....
 Confusing Touch          Hex            #.....       90%         1    ##.....
 Corona                   Hex            #......      90%         1    ##.....
 Freeze                   Ice            #...         90%         1    ##.....
 Infusion                 Chrm           #...         90%         1    ##.....
 Pain                     Necr           #...         90%         1    ##.....
 Summon Butterflies       Summ           #.......     90%         1    ##.....
 Summon Small Mammal      Summ           #...         90%         1    ##.....
 Mephitic Cloud           Conj/Pois/Air  #.......     92%         3    ####...
 Ignite Poison            Fire/Tmut/Pois #.......     95%         3    ####...
 Call Imp                 Summ           #.......     97%         2    ###....
 Corpse Rot               Necr           N/A          97%         2    ###....
 Ensorcelled Hibernation  Hex/Ice        #.....       97%         2    ###....
 Passwall                 Tmut/Erth      #.......     97%         2    ###....
 Slow                     Hex            #.......     97%         2    ###....
 Song of Slaying          Chrm           #.......     97%         2    ###....
 Sticks to Snakes         Tmut           #.......     97%         2    ###....
 Swiftness                Chrm/Air       #.......     97%         2    ###....
 Fireball                 Conj/Fire      #.........   98%         5    ######.
 Call Canine Familiar     Summ           #.......     99%         3    ####...
 Confuse                  Hex            #.......     99%         3    ####...
 Ozocubu's Armour         Chrm/Ice       #.......     99%         3    ####...
 Regeneration             Chrm/Necr      #.........   99%         3    ####...
 Spectral Weapon          Hex/Chrm       #.......     99%         3    ####...
 Spider Form              Tmut/Pois      #.........   99%         3    ####...
 Summon Guardian Golem    Hex/Summ       #.......     99%         3    ####...
 Tukima's Dance           Hex            #.......     99%         3    ####...
 Fulminant Prism          Conj/Hex       #.........   99%         4    #####..
 Throw Icicle             Conj/Ice       #.......     99%         4    #####..
 Summon Forest            Summ/Tloc      #.........   99%         5    ######.
 Animate Dead             Necr           N/A          100%        4    #####..
 Ice Form                 Ice/Tmut       #.......     100%        4    #####..
 Leda's Liquefaction      Hex/Erth       #.........   100%        4    #####..
 Petrify                  Tmut/Erth      #.......     100%        4    #####..
 Summon Ice Beast         Ice/Summ       #.......     100%        4    #####..
 Summon Lightning Spire   Summ/Air       #.......     100%        4    #####..
 Agony                    Necr           #.......     100%        5    ######.
 Alistair's Intoxication  Tmut/Pois      #.......     100%        5    ######.
 Blade Hands              Tmut           #.........   100%        5    ######.
 Bolt of Magma            Conj/Fire/Erth #.........   100%        5    ######.
 Borgnjor's Vile Clutch   Necr/Erth      #.........   100%        5    ######.
 Dispel Undead            Necr           #.......     100%        5    ######.
 Excruciating Wounds      Chrm/Necr      #.........   100%        5    ######.
 Irradiate                Conj/Tmut      #.........   100%        5    ######.
 Iskenderun's Battlesphe  Conj/Chrm      #.......     100%        5    ######.
 Lee's Rapid Deconstruct  Erth           #.........   100%        5    ######.
 Lightning Bolt           Conj/Air       #.........   100%        5    ######.
 Metabolic Englaciation   Hex/Ice        #.........   100%        5    ######.
 Summon Mana Viper        Hex/Summ       #.......     100%        5    ######.
 Venom Bolt               Conj/Pois      #.........   100%        5    ######.
 Yara's Violent Unravell  Hex/Tmut       #.........   100%        5    ######.
 Bolt of Cold             Conj/Ice       #.........   100%        6    #######
 Bolt of Fire             Conj/Fire      #.........   100%        6    #######
 Conjure Ball Lightning   Conj/Air       #.........   100%        6    #######
 Darkness                 Hex            #.........   100%        6    #######
 Death Channel            Necr           #.........   100%        6    #######
 Freezing Cloud           Conj/Ice/Air   #.........   100%        6    #######
 Invisibility             Hex            #.......     100%        6    #######
 Iron Shot                Conj/Erth      #.........   100%        6    #######
 Ozocubu's Refrigeration  Ice            #.........   100%        6    #######
 Simulacrum               Ice/Necr       #.........   100%        6    #######
 Malign Gateway           Summ/Tloc      #.........   100%        7    #######
 Monstrous Menagerie      Summ           #.........   100%        7    #######
 Orb of Destruction       Conj           ##........   100%        7    #######
 Ring of Flames           Chrm/Fire      #.........   100%        7    #######
 Spellforged Servitor     Conj/Summ      #.........   100%        7    #######
 Summon Greater Demon     Summ           #.........   100%        7    #######
 Summon Hydra             Summ           #.........   100%        7    #######
 Discord                  Hex            #.........   100%        8    #######
 Ignition                 Fire           #.........   100%        8    #######
 Infestation              Necr           #.........   100%        8    #######
 Summon Horrible Things   Summ           #.........   100%        8    #######
 Passage of Golubria      Tloc           Unusable     N/A         4    N/A

Dungeon Overview and Level Annotations

Branches:
Dungeon (15/15)            Temple (1/1) D:7            Lair (6/6) D:11
 Shoals (4/4) Lair:3       Spider (4/4) Lair:3        Slime (0/5) Lair:5
    Orc (2/2) D:11            Elf (3/3) Orc:2        Vaults (5/5) D:14
  Crypt (3/3) Vaults:3       Tomb (1/3) Crypt:3      Depths (5/5) D:15
    Zot (5/5) Depths:5

Altars:
Ashenzari
Cheibriados
Dithmenos
Elyvilon
Fedhas
Gozag
Hepliaklqana
Kikubaaqudgha
Makhleb
Nemelex Xobeh
Okawaru
Qazlal
Ru
Sif Muna
Trog
Uskayaw
Vehumet
Wu Jian
Xom
Yredelemnul
Zin
The Shining One
Beogh

Shops:
D:9 (   Orc:1 :([*   Orc:2 [!!(   Elf:3 (   Vaults:1 [   Depths:2 :[[?
Depths:3 ?

Portals:
Hell: Depths:1 Depths:3 Depths:4 Depths:5
Abyss: Depths:1 Depths:4
Pandemonium: Depths:3

Annotations:
D:12 2 transporters, Defined's ghost, novice DsMo
Elf:1 1 runed door


Innate Abilities, Weirdness & Mutations

You are partially covered in large bone plates. (SH +4)
You are dopey. (Int -2)
Your flesh is heat resistant. (rF+)
You occasionally shout uncontrollably at your foes.
You expend magic power (3 MP) to strengthen your wands.


Message History

You block the Orb Guardian's attack.
You slash the Orb Guardian!
The Orb Guardian is lightly wounded.
You slash the Orb Guardian!
The Orb Guardian is moderately wounded.
You block the Orb Guardian's attack.
You cut the Orb Guardian into ribbons!!!
The Orb Guardian is almost dead.
You block the Orb Guardian's attack.
You slash the Orb Guardian!
The Orb Guardian is almost dead.
You slice the Orb Guardian!!
You kill the Orb Guardian!
Okawaru accepts your kill.
There is a stone staircase leading up here.
You climb upwards.
There is a stone staircase leading down here.
You see here a +0 dagger.
There is a staircase leading out of the dungeon here.
You have escaped!

####..### #........ ##...#
##........ ###.# #.........
#.# ###.#....... ########
#.# #...##...... #......#
#.### #.#####.....
#>.....###...###.#.....####
#.....................#####
#......#.#@#..........# #..
####.....###..#.......# #..
##..#.# #.....#.##.###..
#.##.####......##.#....
#......##.####....#.#..
#..#....#.# #......#..
##...#.[..## #.....##..
###.###...# #.........
#.###...###.........


There were no monsters in sight!

Vanquished Creatures
  5 orbs of fire
  Mara (Vaults:3)
  6 ancient liches
  The ghost of Beuf the Slayer, a veteran MiBe of Trog (Depths:4)
  3 juggernauts
  A greater mummy (Tomb:1)
  5 Killer Klowns
  A shard shrike (Zig:7)
  A caustic shrike (Depths:4)
  Xtahua (Crypt:2)
  A curse toe (Zot:2)
  Nikola (Spider:3)
  9 golden dragons
  A profane servitor (Depths:4)
  the Enchantress (Depths:5)
  A bone dragon (Crypt:2)
  Arachne (Spider:3)
  An iron giant (Zig:14)
  2 electric golems (Zot:5)
  A Brimstone Fiend (D:13)
  2 Tzitzimimeh
  12 tentacled monstrosities
  An Ice Fiend (Zig:5)
  A shard shrike skeleton (Crypt:2)
  2 titans (Vaults:5)
  7 liches
  2 deep elf blademasters (Elf:3)
  4 acid blobs (Zig:10)
  5 quicksilver dragons
  2 deep elf master archers (Elf:3)
  29 Orb Guardians
  2 krakens
  11 sphinxes
  3 ancient champions
  Frances (Spider:2)
  7 death cobs
  Agnes (Spider:2)
  7 shadow dragons
  11 tengu reavers
  Donald (Elf:3)
  6 storm dragons
  12 draconian monks
  An azure jelly (Zig:6)
  3 nagarajas (Zig:12)
  10 pandemonium lords
  5 revenants
  4 draconian knights
  5 deep elf sorcerers
  A fire giant (shapeshifter) (Depths:4)
  14 frost giants
  15 vault wardens
  5 fire giants
  An iron dragon (Zig:14)
  7 draconian scorchers
  A balrug (Depths:4)
  2 draconian shifters
  6 ghost moths
  A draconian stormcaller (Zot:3)
  11 emperor scorpions
  A ghoul (Crypt:1)
  A warmonger (Zig:5)
  2 curse skulls
  8 ironheart preservers
  3 orc warlords
  3 spriggan defenders (Depths:5)
  2 reapers
  8 deep elf elementalists
  An angel (D:7)
  7 war gargoyles
  The ghost of Gennuon the Brawler, a journeyman TrWr of Ru (Lair:3)
  11 draconian annihilators
  26 very ugly things
  4 entropy weavers
  17 black draconians
  20 stone giants
  13 vampire knights
  9 deep elf annihilators
  13 green draconians
  A corrupter (Zig:5)
  8 deep elf demonologists
  A black sun (D:11)
  15 white draconians
  A lorocyproca (D:11)
  6 spark wasps
  14 purple draconians
  A spectral titan (Crypt:3)
  Azrael (D:14)
  6 bennus (Tomb:1)
  8 yellow draconians
  2 minotaurs
  16 red draconians
  The ghost of XanderDroid the Severer, a journeyman MiBe of Trog (Lair:3)
  A spark wasp (shapeshifter) (Depths:5)
  4 merfolk javelineers
  6 deep elf death magi
  4 eidola
  Snorg (D:14)
  2 death oozes
  3 blizzard demons
  10 ettins
  A quicksilver dragon zombie (Crypt:1)
  17 fire dragons
  9 merfolk impalers
  17 great orbs of eyes
  6 jiangshi
  4 mummy priests (Tomb:1)
  9 small abominations
  28 yaktaur captains
  The ghost of Naizifi the Nimble, a journeyman KoNe of Kikubaaqudgha (Lair:3)
  16 ogre magi
  9 deep elf high priests
  11 ice dragons
  A hell beast (Depths:4)
  10 hydras
  A monstrous demonspawn (D:11)
  3 catoblepae
  Erolcha (D:9)
  33 vault guards
  2 naga warriors
  A ghost crab (Zig:9)
  6 rakshasas
  2 merfolk avatars
  4 anacondas
  2 alligator snapping turtles (Shoals:2)
  6 spriggan air magi
  12 centaur warriors
  4 merfolk aquamancers (Shoals:4)
  2 shambling mangroves (Zig:9)
  Erica (D:11)
  5 death knights
  12 vampire magi
  2 deep troll earth magi (Depths:2)
  A two-headed ogre (shapeshifter) (Zig:13)
  10 tengu warriors
  27 dancing weapons
  35 two-headed ogres
  10 death yaks
  16 death scarabs (Tomb:1)
  9 deep troll shamans
  The ghost of Zuunur the Spry, a journeyman SpEn of Dithmenos (Lair:3)
  6 orc high priests
  A spectral dire elephant (Crypt:3)
  5 spriggan berserkers
  7 shock serpents
  3 naga sharpshooters
  2 soul eaters
  Sonja (Lair:4)
  22 deep elf knights
  A sun demon (Depths:4)
  Nergalle (D:10)
  4 iron trolls
  A titan skeleton (Crypt:2)
  5 hell knights (Depths:3)
  2 fire crabs (shapeshifter)
  16 shadow wraiths
  4 storm dragon skeletons
  A death drake (shapeshifter) (Vaults:4)
  3 salamander mystics (Depths:3)
  10 deep trolls
  2 spriggan druids (Depths:4)
  A golden dragon zombie (Crypt:3)
  A sixfirhy (Depths:3)
  11 sea snakes
  10 unseen horrors
  A spectral hydra (Crypt:3)
  A ghost moth zombie (Crypt:1)
  8 wizards
  17 deep elf archers
  7 glowing orange brains
  3 death drakes (Depths:5)
  2 anaconda zombies
  8 flayed ghosts
  A spectral iron dragon (Crypt:3)
  55 skeletal warriors
  A spark wasp zombie (Zig:14)
  2 tengu zombies (Zig:14)
  A spectral wolf spider (Crypt:3)
  2 torturous demonspawn
  An entropy weaver zombie (Crypt:1)
  2 golden dragon skeletons (Crypt:2)
  4 swamp dragons (Zig:9)
  13 ironbrand convokers
  42 harpies
  A shadow dragon zombie (Crypt:2)
  10 necromancers
  2 lindwurms
  A lindwurm (shapeshifter) (Vaults:5)
  An orange crystal statue (Zig:6)
  A wolf spider zombie (D:13)
  A naga ritualist (Zig:4)
  23 orc knights
  68 deep elf magi
  38 phantasmal warriors
  55 ugly things
  2 iron dragon zombies (Zig:14)
  2 anaconda skeletons (Crypt:2)
  A harpy (shapeshifter) (Depths:3)
  3 shining eyes
  An orb spider (shapeshifter) (D:15)
  14 cyclopes
  14 manticores
  A shadow dragon skeleton (Crypt:2)
  44 wolf spiders
  18 fauns
  2 fire giant zombies
  17 orb spiders
  A frost giant zombie (Zig:14)
  A mana viper (Zig:12)
  An iron dragon skeleton (Crypt:2)
  A salamander (shapeshifter) (Vaults:4)
  A sphinx skeleton (Crypt:2)
  6 elephants
  8 orc sorcerers
  A salamander (Depths:1)
  25 moths of wrath
  2 guardian serpents (Zig:12)
  13 merfolk sirens
  Maurice (D:10)
  6 stone giant skeletons
  2 fire giant skeletons (Vaults:3)
  A spriggan zombie (Zig:14)
  An eye of devastation (Lair:5)
  4 naga magi
  2 water nymphs (Shoals:4)
  13 black mambas
  6 frost giant skeletons
  2 rust devils (Zig:14)
  Psyche (D:9)
  2 ice statues
  19 vault sentinels
  4 gargoyles
  2 torpor snails
  A torpor snail (shapeshifter) (Vaults:5)
  11 spiny frogs
  A molten gargoyle (Depths:1)
  3 dire elephant skeletons (Crypt:2)
  A purple draconian zombie (Crypt:1)
  3 orange demons
  A rime drake (shapeshifter) (Vaults:3)
  4 rime drakes
  An elf zombie (Zig:14)
  A kobold demonologist (D:11)
  3 tormentors
  A catoblepas zombie (Crypt:1)
  19 demonic crawlers
  A komodo dragon (shapeshifter) (Elf:1)
  2 yaktaurs (shapeshifter)
  20 freezing wraiths
  8 komodo dragons
  64 yaktaurs
  A red draconian zombie (Crypt:3)
  An entropy weaver simulacrum (Vaults:2)
  12 guardian mummies
  5 tengu conjurers
  3 yaktaur skeletons (Vaults:3)
  2 ice devils
  38 jumping spiders
  4 red devils
  A meliai (D:14)
  26 merfolk
  A troll (shapeshifter) (Depths:2)
  7 wind drakes
  A wolf spider simulacrum (D:15)
  The ghost of wazuzu the Stinger, an amateur NaVM of Fedhas (D:7)
  A hornet (shapeshifter) (Vaults:4)
  12 trolls
  2 tyrant leeches (Zig:9)
  8 polar bears
  31 hornets
  A queen bee (Lair:1)
  A polar bear (shapeshifter) (Vaults:3)
  An ettin zombie (Crypt:3)
  11 snapping turtles
  4 bog bodies
  14 hippogriffs
  39 slime creatures
  9 dream sheep
  A deep troll zombie (Depths:1)
  2 blink frogs (Lair:2)
  A dream sheep (shapeshifter) (Vaults:4)
  19 flying skulls
  A fire giant simulacrum (Crypt:3)
  A satyr skeleton (Crypt:3)
  33 tarantellas
  3 air elementals
  8 shadows
  A tarantella (shapeshifter) (Vaults:4)
  A centaur simulacrum (D:15)
  91 redbacks
  An alligator skeleton (Crypt:2)
  A vampire (Depths:3)
  3 ettin skeletons
  8 spriggans
  2 wyverns
  4 fire dragon skeletons
  A spectral elf (Crypt:3)
  15 wraiths
  53 yaks
  The ghost of Duffy the Chopper, an amateur NaFi (D:5)
  3 ushabtiu (Tomb:1)
  16 water elementals
  A human (shapeshifter) (Vaults:4)
  5 basilisks
  3 large abominations (Depths:4)
  Grum (D:9)
  3 fire elementals
  Eustachio (D:5)
  8 vampire mosquitoes
  4 hungry ghosts
  6 golden eyes
  A steam dragon (D:9)
  A steam dragon (shapeshifter) (Vaults:5)
  4 chaos spawn
  Menkaure (Ossuary)
  2 nagas (Zig:12)
  A harpy simulacrum (Crypt:3)
  A soldier ant (shapeshifter) (Depths:2)
  11 wargs
  An orb spider zombie (Crypt:3)
  15 water moccasins
  11 porcupines
  2 floating eyes
  10 hell hounds
  A spectral snapping turtle (Crypt:3)
  6 sky beasts
  A necrophage (Crypt:1)
  64 orc warriors
  6 swamp drakes
  8 ice beasts
  4 black bears
  4 eyes of draining
  A fire dragon simulacrum (Crypt:2)
  A hornet zombie (D:10)
  30 ogres
  An ice dragon simulacrum (Depths:1)
  6 phantoms
  24 centaurs
  7 wolves
  6 boggarts
  3 human skeletons (Vaults:3)
  A snapping turtle skeleton (Crypt:2)
  A blink frog skeleton (Crypt:1)
  2 dream sheep skeletons
  9 crocodiles
  A spectral human (Crypt:3)
  A draconian zombie (Crypt:2)
  A big kobold (shapeshifter) (Zig:13)
  3 big kobolds
  Blork the orc (D:6)
  A rime drake skeleton (Crypt:3)
  2 wyvern zombies
  3 elf skeletons
  18 bullfrogs
  A gnoll sergeant (D:9)
  3 earth elementals
  2 wyvern skeletons
  10 scorpions
  3 troll zombies (Ossuary)
  2 water moccasin skeletons
  22 wights
  32 killer bees
  A manticore simulacrum (Crypt:1)
  4 spriggan skeletons
  3 howler monkeys
  2 electric eels
  6 centaur zombies
  7 crimson imps
  6 human zombies
  A quasit (D:14)
  45 orc priests
  4 bullfrog skeletons
  3 hounds
  6 jellies
  34 orc wizards
  Crazy Yiuf (D:4)
  3 iron imps (Zig:14)
  4 centaur skeletons
  4 iguanas
  10 worker ants
  An ogre zombie (Ossuary)
  A dwarf zombie (Crypt:1)
  A demigod skeleton (Crypt:2)
  A human simulacrum (Crypt:2)
  A hound zombie (D:9)
  2 hound skeletons
  23 mummies
  A worker ant zombie (D:7)
  A howler monkey skeleton (D:7)
  2 river rats (D:5)
  16 adders
  12 gnolls
  6 shadow imps
  7 white imps
  A worm zombie (Crypt:2)
  6 adder zombies (Ossuary)
  4 adder skeletons
  3 worms
  A dart slug (D:3)
  9 leopard geckos
  173 orcs
  10 giant cockroaches
  A gnoll zombie (Ossuary)
  10 goblins
  5 hobgoblins
  12 jackals
  4 quokkas
  A river rat zombie (Crypt:3)
  6 bats
  2 frilled lizards
  A gnoll skeleton (Crypt:1)
  5 goblin zombies (Ossuary)
  2 hobgoblin zombies (Ossuary)
  23 kobolds
  3 kobold zombies
  A leopard gecko zombie (D:8)
  4 orc skeletons (D:5)
  An orc zombie (D:5)
  3 quokka zombies (Ossuary)
  10 rats
  4 rat zombies (Ossuary)
  A fire vortex (Depths:5)
  5 fungi
  7 plants
  6 tentacles
3191 creatures vanquished.

Vanquished Creatures (collateral kills)
  3 orcs (Bailey)
3 creatures vanquished.

Vanquished Creatures (others)
  A golden dragon (Vaults:5)
  A sphinx (shapeshifter) (Zig:13)
  A frost giant (Depths:5)
  A white draconian (Depths:5)
  4 merfolk javelineers
  A centaur warrior (D:13)
  A satyr (Shoals:4)
  An unseen horror (Vaults:1)
  A wizard (Vaults:2)
  A swamp dragon (Zig:9)
  3 deep elf magi
  A wolf spider (Spider:3)
  A faun (Shoals:3)
  2 manticores (Shoals:1)
  A cyclops (Shoals:3)
  A centaur skeleton (D:15)
  3 yaktaurs
  2 hornets (Zig:9)
  A naga (Zig:12)
  2 orc warriors
  5 centaurs
  An orc wizard (Zig:11)
  3 orcs
  3 fungi
  38 plants
  6 tentacles
  2 withered plants (Lair:3)
88 creatures vanquished.

Grand Total: 3282 creatures vanquished

Notes
Turn   | Place    | Note
-------+----------+-------------------------------------------
     0 | D:1      | Ijustatesigmund the Hill Orc Fighter began the quest for
                  | the Orb.
     0 | D:1      | Reached XP level 1. HP: 19/19 MP: 1/1
   114 | D:1      | Reached XP level 2. HP: 26/26 MP: 2/2
   269 | D:1      | Found a shattered altar of Ashenzari.
   290 | D:1      | HP: 1/26 [poisoned by a kobold]
   640 | D:2      | Reached XP level 3. HP: 26/31 MP: 3/3
   715 | D:2      | Noticed a water moccasin
   726 | D:2      | HP: 1/31 [water moccasin (3)]
   745 | D:2      | You fall through a shaft for 2 floors!
  1175 | D:4      | Found a hide-covered altar of Uskayaw.
  1219 | D:3      | Reached skill level 5 in Axes
  1228 | D:3      | Learned a level 1 spell: Magic Dart
  1284 | D:3      | Found a blossoming altar of Fedhas.
  1335 | D:3      | Noticed a water moccasin
  1424 | D:2      | Reached XP level 4. HP: 37/39 MP: 4/4
  1687 | D:2      | Killed a water moccasin
  1687 | D:2      | Reached XP level 5. HP: 10/45 MP: 5/5
  2113 | D:2      | Found a burning altar of Makhleb.
  2401 | D:3      | Killed a water moccasin
  2401 | D:3      | Reached XP level 6. HP: 30/52 MP: 6/6
  3681 | D:4      | Found a runed door.
  3685 | D:4      | Noticed Crazy Yiuf
  3690 | D:4      | Killed Crazy Yiuf
  3690 | D:4      | Reached XP level 7. HP: 60/60 MP: 7/7
  3830 | D:5      | Entered Level 5 of the Dungeon
  3881 | D:5      | Found a sand-covered staircase.
  3958 | Ossuary  | Entered an ossuary
  4101 | Ossuary  | Reached skill level 5 in Fighting
  4656 | Ossuary  | Noticed Menkaure
  4665 | Ossuary  | Killed Menkaure
  4665 | Ossuary  | Reached skill level 5 in Armour
  4665 | Ossuary  | Reached skill level 5 in Shields
  4665 | Ossuary  | Reached XP level 8. HP: 69/69 MP: 8/8
  4843 | D:5      | Found a runed door.
  4846 | D:5      | Found a deep blue altar of Sif Muna.
  4851 | D:5      | Noticed Duffy's ghost (amateur NaFi)
  4884 | D:5      | Killed Duffy's ghost
  4889 | D:5      | Found a runed door.
  5213 | D:5      | Noticed Eustachio
  5243 | D:5      | Killed Eustachio
  5713 | D:5      | Reached XP level 9. HP: 51/78 MP: 9/9
  5850 | D:5      | Learned a level 2 spell: Blink
  6451 | D:6      | Noticed Blork the orc
  6478 | D:6      | Killed Blork the orc
  6478 | D:6      | Reached skill level 1 in Dodging
  6478 | D:6      | Reached skill level 1 in Translocations
  7514 | D:6      | Found a basalt altar of Yredelemnul.
  7756 | D:7      | Identified the +0 chain mail "Dikuania" {rPois rC++ Dex-2}
  7757 | D:7      | Found a runed gate.
  7757 | D:7      | Noticed wazuzu's ghost (amateur NaVM)
  7758 | D:7      | Found a runed gate.
  7759 | D:7      | Found a runed gate.
  7788 | D:7      | Reached skill level 10 in Axes
  8028 | D:7      | Found a staircase to the Ecumenical Temple.
  8427 | D:7      | Found a sacrificial altar of Ru.
  8913 | D:8      | Noticed a two-headed ogre
  8962 | D:8      | Killed a two-headed ogre
  8962 | D:8      | Reached XP level 10. HP: 55/90 MP: 10/10
  9709 | D:8      | Found a sparkling altar of Nemelex Xobeh.
  9709 | D:8      | Found an opulent altar of Gozag.
  9724 | D:8      | Identified a +1 pair of boots of running (You found it on
                  | level 8 of the Dungeon)
  9802 | D:8      | Found an ancient bone altar of Kikubaaqudgha.
  9813 | D:8      | Found a hazy altar of Hepliaklqana.
 10054 | Temple   | Entered the Ecumenical Temple
 10398 | Temple   | Became a worshipper of Warmaster Okawaru
 10823 | D:9      | Reached skill level 1 in Invocations
 10913 | D:9      | Reached skill level 1 in Evocations
 10913 | D:9      | Noticed Psyche
 10935 | D:9      | Killed Psyche
 10935 | D:9      | Reached skill level 3 in Invocations
 11229 | D:9      | Found Gem Neni's Antique Weapon Boutique.
 11231 | D:9      | You fall through a shaft!
 11231 | D:10     | Entered Level 10 of the Dungeon
 11285 | D:10     | Noticed Nergalle
 11512 | D:10     | Reached skill level 4 in Invocations
 11521 | D:10     | Reached * piety under Okawaru
 11582 | D:10     | Killed an unseen horror
 11582 | D:10     | Reached skill level 5 in Invocations
 12068 | D:9      | Reached skill level 6 in Invocations
 12072 | D:9      | Reached skill level 5 in Evocations
 12072 | D:9      | Reached XP level 11. HP: 95/97 MP: 13/15
 12119 | D:9      | Bought a runed war axe for 169 gold pieces
 12226 | D:9      | Reached skill level 7 in Invocations
 12268 | D:9      | Reached ** piety under Okawaru
 12306 | D:9      | Noticed Erolcha
 12314 | D:9      | Killed Erolcha
 12314 | D:9      | Reached skill level 8 in Invocations
 12526 | D:9      | Noticed Grum
 12536 | D:9      | Killed Grum
 12927 | D:10     | Noticed Maurice
 12938 | D:10     | Killed Maurice
 12938 | D:10     | Reached *** piety under Okawaru
 13002 | D:10     | Reached skill level 5 in Translocations
 13096 | D:10     | Noticed a two-headed ogre
 13106 | D:10     | Killed a two-headed ogre
 13106 | D:10     | Reached **** piety under Okawaru
 13309 | D:7      | Found a roughly hewn altar of Beogh.
 13326 | D:7      | Killed wazuzu's ghost
 13670 | D:10     | Killed Nergalle
 13670 | D:10     | Reached XP level 12. HP: 104/104 MP: 18/18
 14000 | D:11     | Noticed a soul eater
 14012 | D:11     | Found a flickering gateway to a bazaar.
 14021 | Bazaar   | Entered a bazaar
 14025 | Bazaar   | Found Ewefavocw's Jewellery Boutique.
 14044 | Bazaar   | Found Leruj's Book Shoppe.
 14061 | Bazaar   | Found Ruihas Koru's Armour Boutique.
 14078 | Bazaar   | Found Ruci's Antique Armour Emporium.
 14083 | Bazaar   | Bought a distressingly furry leather armour for 133 gold
                  | pieces
 14150 | D:11     | Found a flagged portal.
 14166 | Bailey   | Entered a bailey
 14378 | Bailey   | Reached skill level 1 in Conjurations
 14622 | Bailey   | Reached ***** piety under Okawaru
 15008 | Bailey   | Identified the +3 leather armour of Sunlight {MR+} (You
                  | bought it in a shop in a bazaar)
 15025 | D:11     | Noticed an eight-headed hydra
 15037 | D:11     | Killed an eight-headed hydra
 15037 | D:11     | Reached skill level 5 in Conjurations
 16015 | D:11     | Found a staircase to the Orcish Mines.
 16139 | D:11     | Gained mutation: Your spells are a little harder to cast,
                  | but a little more powerful. [potion of mutation]
 16139 | D:11     | Gained mutation: Scrolls take you a little longer to read.
                  | [potion of mutation]
 16139 | D:11     | Gained mutation: Your mind is acute. (Int +2) [potion of
                  | mutation]
 16139 | D:11     | Gained mutation: You are partially covered in molten
                  | scales. (AC +2) [potion of mutation]
 16140 | D:11     | Lost mutation: Scrolls take you a little longer to read.
                  | [potion of mutation]
 16140 | D:11     | Lost mutation: Your mind is acute. (Int +2) [potion of
                  | mutation]
 16140 | D:11     | Lost mutation: Your spells are a little harder to cast, but
                  | a little more powerful. [potion of mutation]
 16140 | D:11     | Lost mutation: You are partially covered in molten scales.
                  | (AC +2) [potion of mutation]
 16140 | D:11     | Gained mutation: You are partially covered in large bone
                  | plates. (SH +4) [potion of mutation]
 16140 | D:11     | Gained mutation: Your system is resistant to poisons.
                  | (rPois) [potion of mutation]
 16143 | D:11     | Found a staircase to the Lair.
 16145 | D:11     | Noticed Erica
 16156 | D:11     | Killed Erica
 16389 | D:12     | Noticed a two-headed ogre
 16404 | D:11     | Killed a two-headed ogre
 16544 | D:12     | Reached skill level 9 in Invocations
 16769 | D:12     | Noticed a sun demon
 16779 | D:12     | Reached skill level 10 in Fighting
 17116 | D:12     | Received a gift from Okawaru
 17116 | D:12     | Reached XP level 13. HP: 107/113 MP: 20/20
 17194 | D:12     | Reached skill level 10 in Invocations
 17397 | D:12     | Found a transporter.
 17399 | D:12     | Noticed Defined's ghost (novice DsMo)
 17399 | D:12     | Identified the cursed +0 dire flail "Acrinivu" {venom,
                  | Dex+3}
 17401 | D:12     | Found a transporter.
 17733 | Lair:1   | Entered Level 1 of the Lair of Beasts
 18599 | Lair:2   | Reached ****** piety under Okawaru
 18601 | Lair:2   | Received a gift from Okawaru
 18601 | Lair:2   | Reached skill level 11 in Invocations
 19413 | Lair:2   | Reached skill level 5 in Dodging
 19628 | Lair:3   | Learned a level 3 spell: Conjure Flame
 19633 | Lair:3   | You fall through a shaft for 2 floors!
 19659 | Lair:4   | Noticed Sonja
 19677 | Lair:4   | Reached skill level 1 in Fire Magic
 19807 | Lair:3   | Received a gift from Okawaru
 19808 | Lair:3   | Found a runed gate.
 19832 | Lair:3   | Got a scorched cloak {god gift}
 19836 | Lair:3   | Found a staircase to the Shoals.
 19850 | Lair:3   | Found a runed gate.
 19850 | Lair:3   | Found a runed gate.
 19859 | Lair:3   | Noticed Gennuon's ghost (journeyman TrWr)
 19860 | Lair:3   | Noticed XanderDroid's ghost (journeyman MiBe)
 19860 | Lair:3   | Noticed Naizifi's ghost (journeyman KoNe)
 19860 | Lair:3   | Noticed Zuunur's ghost (journeyman SpEn)
 19988 | Lair:3   | Found a gate leading to a gauntlet.
 19995 | Gauntlet | Entered a Gauntlet
 19995 | Gauntlet | Found a transporter.
 19995 | Gauntlet | Found a transporter.
 19995 | Gauntlet | Found a runed translucent door.
 19995 | Gauntlet | Found a runed translucent door.
 20009 | Gauntlet | Found a transporter.
 20014 | Gauntlet | Found a transporter.
 20025 | Gauntlet | Found a transporter.
 20029 | Gauntlet | Noticed a reaper
 20033 | Gauntlet | Found a transporter.
 20049 | Gauntlet | Found a runed translucent gate.
 20050 | Gauntlet | Found a transporter.
 20050 | Gauntlet | Found a runed translucent gate.
 20051 | Gauntlet | Found a runed translucent gate.
 20065 | Gauntlet | Found a transporter.
 20069 | Gauntlet | Found a transporter.
 20077 | Gauntlet | Found a transporter.
 20081 | Gauntlet | Found a transporter.
 20125 | Gauntlet | Reached XP level 14. HP: 119/122 MP: 22/22
 20211 | Gauntlet | Found a transporter.
 20228 | Gauntlet | Gained mutation: Scrolls take you a little longer to read.
                  | [a shining eye]
 20286 | Gauntlet | Reached skill level 12 in Invocations
 20302 | Gauntlet | Got a faintly glowing helmet
 20313 | Gauntlet | Identified the +0 cloak of Okawaru's Castigation {rN+
                  | Str+6} (Okawaru gifted it to you on level 3 of the Lair of
                  | Beasts)
 20328 | Gauntlet | Identified the +2 helmet "Tynnouza" {+Blink Int-2 Dex+6
                  | Stlth+} (You found it in a Gauntlet)
 20360 | Gauntlet | Identified the cursed +3 scimitar "Mutrihag" {freeze, rF+
                  | MR+}
 20392 | Gauntlet | Identified the Compendium of Twisted Ignition
 20621 | Lair:3   | Got a clouded jade amulet
 20910 | Lair:3   | Found a hole to the Spider Nest.
 21082 | Lair:3   | Killed Gennuon's ghost
 21084 | Lair:3   | Killed Zuunur's ghost
 21086 | Lair:3   | Killed XanderDroid's ghost
 21091 | Lair:3   | Killed Naizifi's ghost
 21400 | Lair:4   | Got a bone hand axe
 21410 | Lair:4   | Identified the +11 hand axe of Selaleru {flame, Fragile
                  | +Rage rElec rN+++} (You found it on level 4 of the Lair of
                  | Beasts)
 21510 | Lair:4   | Reached skill level 5 in Fire Magic
 21537 | Lair:4   | Reached skill level 13 in Invocations
 21550 | Lair:4   | Received a gift from Okawaru
 21673 | Lair:4   | Killed Sonja
 21881 | Lair:4   | Identified a scroll of acquirement
 22430 | Lair:5   | Reached skill level 10 in Shields
 22450 | Lair:5   | Found a staircase to the Slime Pits.
 22861 | Lair:5   | Identified the amulet "Sirchaofe" {rPois MR+ Regen+ Int-4}
                  | (You found it on level 3 of the Lair of Beasts)
 22975 | Lair:6   | Entered Level 6 of the Lair of Beasts
 23062 | Lair:6   | Reached XP level 15. HP: 114/128 MP: 24/24
 23232 | Lair:6   | Found a glowing silver altar of Zin.
 23799 | Lair:6   | Received a gift from Okawaru
 23844 | Lair:6   | Identified the Grimoire of Mutagenic Venom
 24290 | Orc:1    | Entered Level 1 of the Orcish Mines
 24290 | Orc:1    | Found Sinaat Xixaq's Weapon Shoppe.
 24307 | Orc:1    | Found Piycs's Antique Armour Shop.
 24415 | Orc:1    | Found Xesao's Assorted Antiques.
 24427 | Orc:1    | Bought a tiger eye-encrusted ring mail for 360 gold pieces
 24506 | Orc:1    | Identified the cursed +0 ring mail of Orgheicaff {rC+ Str+7
                  | Int+4} (You bought it in a shop on level 1 of the Orcish
                  | Mines)
 24540 | Orc:1    | Found a roughly hewn altar of Beogh.
 25081 | Orc:1    | Found Oreolar's Book Shop.
 25132 | Orc:2    | Entered Level 2 of the Orcish Mines
 25589 | Orc:2    | Found a staircase to the Elven Halls.
 25942 | Orc:2    | Found Umownali's Antique Armour Emporium.
 25945 | Orc:2    | Found Doxzivan's Weapon Emporium.
 25946 | Orc:2    | Found Hibef's Distillery.
 25947 | Orc:2    | Found Ulohec's Distillery.
 25954 | Orc:2    | Bought a scorched plate armour for 672 gold pieces
 25972 | Orc:2    | Identified the +1 plate armour of Darkness {rElec Int+2
                  | Dex-2} (You bought it in a shop on level 2 of the Orcish
                  | Mines)
 25980 | Orc:2    | Bought a dazzling leather armour for 168 gold pieces
 25985 | Orc:2    | Identified the +1 leather armour of Untold Secrets {+Inv
                  | Str+4 Int-2} (You bought it in a shop on level 2 of the
                  | Orcish Mines)
 26360 | D:13     | Received a gift from Okawaru
 26736 | D:14     | Noticed Azrael
 26749 | D:13     | Reached XP level 16. HP: 114/137 MP: 26/26
 26801 | D:13     | Upgraded the game from 0.23-a0-730-g0b75920 to
                  | 0.23-a0-756-g517b432
 26812 | D:13     | Reached skill level 14 in Invocations
 27020 | D:14     | Killed Azrael
 27403 | D:14     | Noticed Snorg
 27582 | D:14     | Killed Snorg
 27635 | D:14     | Found a gate to the Vaults.
 27649 | D:14     | Received a gift from Okawaru
 28038 | D:15     | Entered Level 15 of the Dungeon
 28123 | D:15     | Reached skill level 15 in Axes
 28256 | D:15     | Found a shadowy altar of Dithmenos.
 28256 | D:15     | Found a sacrificial altar of Ru.
 28257 | D:15     | Found an ancient bone altar of Kikubaaqudgha.
 28387 | D:15     | Found a staircase to the Depths.
 28742 | D:15     | Received a gift from Okawaru
 28802 | D:15     | Reached skill level 15 in Invocations
 28938 | D:15     | Reached XP level 17. HP: 143/148 MP: 28/28
 28965 | D:15     | Identified the +2 plate armour "Bitaajup" {Int+3 Stlth+}
                  | (You found it on level 15 of the Dungeon)
 29664 | Spider:1 | Entered Level 1 of the Spider Nest
 29746 | Spider:1 | Received a gift from Okawaru
 29769 | Spider:1 | Found a transporter.
 29979 | Spider:1 | Found a transporter.
 30015 | Spider:1 | Received a gift from Okawaru
 30079 | Spider:1 | Identified the +7 plate armour of the Well-Known Realms
                  | {+Fly Stlth+} (Okawaru gifted it to you on level 1 of the
                  | Spider Nest)
 30092 | Spider:1 | Reached skill level 15 in Shields
 30146 | Spider:1 | Identified the +6 hand axe of Kiemun {speed, rN+ Str+3}
                  | (You found it on level 1 of the Spider Nest)
 30614 | Spider:2 | Noticed Agnes
 30636 | Spider:2 | Killed Agnes
 30655 | Spider:2 | Reached skill level 16 in Invocations
 30661 | Spider:2 | Upgraded the game from 0.23-a0-756-g517b432 to
                  | 0.23-a0-814-g91b4073
 30719 | Spider:2 | Noticed Frances
 30731 | Spider:2 | Killed Frances
 30949 | Spider:2 | Received a gift from Okawaru
 31670 | Spider:3 | Reached XP level 18. HP: 141/159 MP: 28/30
 31708 | Spider:3 | Noticed Nikola
 31727 | Spider:3 | Killed Nikola
 32625 | Spider:3 | Paralysed by a hornet for 2 turns
 32912 | Spider:3 | Noticed Arachne
 32931 | Spider:3 | Killed Arachne
 33261 | Spider:4 | Entered Level 4 of the Spider Nest
 33297 | Spider:4 | Received a gift from Okawaru
 33736 | Spider:4 | Reached skill level 17 in Invocations
 34121 | Spider:4 | Got a gossamer rune of Zot
 34511 | Spider:4 | Received a gift from Okawaru
 34988 | Shoals:1 | Entered Level 1 of the Shoals
 35057 | Shoals:1 | Reached XP level 19. HP: 169/169 MP: 31/31
 35128 | Shoals:1 | Reached skill level 15 in Fighting
 36682 | Shoals:3 | Reached skill level 1 in Throwing
 36757 | Shoals:3 | Received a gift from Okawaru
 37171 | Shoals:3 | Reached skill level 5 in Throwing
 37349 | Shoals:4 | Entered Level 4 of the Shoals
 38284 | Shoals:4 | Reached XP level 20. HP: 178/178 MP: 32/32
 38288 | Shoals:4 | Reached skill level 18 in Invocations
 38461 | Shoals:4 | Received a gift from Okawaru
 38476 | Shoals:4 | Got a barnacled rune of Zot
 38961 | Vaults:1 | Entered Level 1 of the Vaults
 39048 | Vaults:1 | Learned a level 1 spell: Apportation
 39153 | Vaults:1 | Reached skill level 19 in Invocations
 39543 | Vaults:1 | Received a gift from Okawaru
 39837 | Vaults:1 | Reached skill level 20 in Invocations
 39999 | Vaults:1 | Received a gift from Okawaru
 40005 | Vaults:1 | Reached skill level 21 in Invocations
 40631 | Vaults:1 | Found Vuimmysar's Armour Emporium.
 40787 | Vaults:1 | Identified the -4 hat of the Villain {Dex+4} (You acquired
                  | it on level 1 of the Vaults)
 40944 | Vaults:2 | Reached skill level 22 in Invocations
 40951 | Vaults:2 | Received a gift from Okawaru
 40951 | Vaults:2 | Reached XP level 21. HP: 161/184 MP: 36/36
 40952 | Vaults:2 | Found the +8 mithril axe "Arga" {speed, MR+}
 41050 | Vaults:2 | Found a flickering gateway to a bazaar.
 41078 | Bazaar   | Entered a bazaar
 41106 | Bazaar   | Found Xateu's Food Shop.
 41125 | Bazaar   | Found Dylluux's Book Boutique.
 41157 | Bazaar   | Found Xourobig's Armour Shop.
 41157 | Bazaar   | Found Kejomn's Jewellery Boutique.
 41169 | Bazaar   | Bought the ring of Saeqy {+Fly rN+ Int+2 SInv Stlth+} for
                  | 470 gold pieces
 41196 | Bazaar   | Bought a book of Party Tricks for 600 gold pieces
 41200 | Bazaar   | Learned a level 3 spell: Lesser Beckoning
 42062 | Vaults:2 | Received a gift from Okawaru
 42071 | Vaults:2 | Reached skill level 23 in Invocations
 42080 | Vaults:2 | Identified the +1 hand crossbow "Till" {venom, rPois}
                  | (Okawaru gifted it to you on level 2 of the Vaults)
 43192 | Vaults:3 | Reached skill level 24 in Invocations
 43193 | Vaults:3 | Found a staircase to the Crypt.
 43370 | Vaults:3 | Identified the cursed +0 leather armour of Prudence {rElec
                  | rF+ SInv} (You found it on level 3 of the Vaults)
 43459 | Vaults:3 | Identified the Disquisition on Execration
 43514 | Vaults:3 | Noticed Mara
 43542 | Vaults:3 | Noticed Ijustatesigmund's illusion
 43554 | Vaults:3 | Killed Mara
 43554 | Vaults:3 | Received a gift from Okawaru
 44527 | Vaults:4 | Received a gift from Okawaru
 44551 | Vaults:4 | Identified the cursed +0 pair of boots of Disaster {rC++
                  | Int+4} (You found it on level 4 of the Vaults)
 44601 | Vaults:4 | Reached skill level 25 in Invocations
 44903 | Vaults:4 | Reached XP level 22. HP: 115/192 MP: 38/38
 45489 | Vaults:4 | Reached skill level 26 in Invocations
 45871 | Vaults:5 | Entered Level 5 of the Vaults
 45886 | Vaults:5 | Received a gift from Okawaru
 45976 | Vaults:5 | Noticed an ancient lich
 46051 | Vaults:5 | Noticed a golden dragon
 46060 | Vaults:4 | Reached skill level 27 in Invocations
 46186 | Vaults:4 | Killed an ancient lich
 46487 | Vaults:5 | Received a gift from Okawaru
 46489 | Vaults:5 | Noticed a golden dragon
 46542 | Vaults:5 | Killed a golden dragon
 46543 | Vaults:5 | Reached XP level 23. HP: 103/202 MP: 38/40
 46705 | Vaults:5 | Killed a golden dragon
 46983 | Vaults:5 | Received a gift from Okawaru
 47016 | Vaults:5 | Identified the +1 plate armour of the Kangaroo {Regen+
                  | Slay+3} (Okawaru gifted it to you on level 5 of the Vaults)
 47022 | Vaults:5 | Identified the +7 whip of Cubaucw {slash, Dex+3 SInv}
 47226 | Vaults:5 | Identified the +12 quarterstaff of Karma {crush, Int-2
                  | Dex+5}
 47236 | Vaults:5 | Reached skill level 10 in Armour
 47354 | Vaults:5 | Identified Fuosicka's Disquisition on Lethal Enhancements
 47407 | Vaults:5 | Identified the cursed +1 chain mail of Giroh {+Fly rElec
                  | rN++ rCorr} (You found it on level 5 of the Vaults)
 47916 | Vaults:5 | Got a silver rune of Zot
 48499 | Elf:1    | Entered Level 1 of the Elven Halls
 48901 | Elf:1    | Found a runed door.
 49271 | Elf:1    | Identified the ring of Nipalaasch {MR+ Str+3 Int+2 Stlth+}
 49278 | Elf:1    | Identified the ring "Tofus Cuo" {rPois rF+++ Int-3 Dex+5}
 49281 | Elf:1    | Identified the ring of Zuots {+Fly rPois rC+++ Str-2}
 49326 | Elf:1    | Got a scorched turquoise ring
 49546 | Elf:2    | Found a huge runed gate.
 49546 | Elf:2    | Found a huge runed gate.
 49546 | Elf:2    | Found a huge runed gate.
 49546 | Elf:2    | Found a huge runed gate.
 49546 | Elf:2    | Found a huge runed gate.
 49697 | Elf:2    | Received a gift from Okawaru
 50366 | Elf:2    | Upgraded the game from 0.23-a0-814-g91b4073 to
                  | 0.23-a0-819-g6debee6
 50425 | Elf:3    | Entered Level 3 of the Elven Halls
 50496 | Elf:3    | Reached XP level 24. HP: 212/212 MP: 40/40
 50581 | Elf:3    | Reached skill level 10 in Translocations
 50620 | Elf:3    | Received a gift from Okawaru
 50675 | Elf:3    | Identified the ring "Mutzayvu" {Wiz rC+ Str-2 Int+4 Dex+3}
                  | (You found it on level 1 of the Elven Halls)
 50680 | Elf:3    | Identified the +5 plate armour of the Snake Pit {rF+ rN+
                  | Str-5} (Okawaru gifted it to you on level 3 of the Elven
                  | Halls)
 50858 | Elf:3    | Identified the Handbook of Quantum Flight
 50993 | Elf:3    | Identified the +3 shield of the Bard {*Slow +Fly rN+}
 50993 | Elf:3    | Noticed Donald
 51006 | Elf:3    | Killed Donald
 51155 | Elf:3    | Found Vipnyall's Weapon Boutique.
 51429 | Elf:3    | Reached skill level 15 in Armour
 51757 | Elf:3    | Found the +6 Majin-Bo {vamp, Archmagi MP+6 Int+6}
 52201 | Depths:1 | Entered Level 1 of the Depths
 52293 | Depths:1 | Received a gift from Okawaru
 52700 | Depths:1 | Received a gift from Okawaru
 52718 | Depths:1 | Identified the +0 pair of gloves of Shielding {MR- Int+4
                  | SInv} (Okawaru gifted it to you on level 1 of the Depths)
 52911 | Depths:1 | Found a gateway to Hell.
 53614 | Depths:1 | Found a one-way gate to the infinite horrors of the Abyss.
 53980 | Depths:2 | Found Koitwob's Magic Scroll Shoppe.
 53980 | Depths:2 | Found Ytateduemu's Book Emporium.
 53981 | Depths:2 | Found Exit's Antique Armour Emporium.
 53988 | Depths:2 | Found Luki's Armour Shoppe.
 54010 | Depths:2 | Bought a scroll of brand weapon for 280 gold pieces
 54010 | Depths:2 | Bought a scroll of acquirement for 728 gold pieces
 54018 | Depths:2 | Bought a scroll of acquirement for 728 gold pieces
 54018 | Depths:2 | Bought a scroll of acquirement for 728 gold pieces
 54026 | Depths:2 | Found the +1 cloak of Starlight {rElec rC+ EV+4 Stlth--}
 54030 | Depths:2 | Identified the +0 pair of boots of the Blizzard {+Fly MP+9}
                  | (You acquired it on level 2 of the Depths)
 54181 | Depths:2 | Reached XP level 25. HP: 197/220 MP: 40/40
 54329 | Depths:2 | Paralysed by the power of Zot for 2 turns
 54644 | Depths:3 | Found a one-way gate leading to the halls of Pandemonium.
 54794 | Depths:3 | Identified the amulet of the Jolly Stories {Harm -Tele
                  | *Drain rElec Str+7 SInv} (You found it on level 3 of the
                  | Depths)
 54894 | Depths:3 | Received a gift from Okawaru
 55147 | Depths:3 | Found Voyt's Magic Scroll Boutique.
 55559 | Depths:3 | Paralysed by a floating eye for 4 turns
 55879 | Depths:3 | Identified the +2 leather armour of Muylem {rElec rN+ Int-2
                  | SInv}
 56284 | Depths:4 | Found a gateway to a ziggurat.
 56389 | Depths:4 | Received a gift from Okawaru
 56395 | Depths:4 | Reached skill level 10 in Dodging
 56444 | Depths:4 | Received a gift from Okawaru
 56537 | Depths:4 | Paralysed by a floating eye for 2 turns
 56541 | Depths:4 | Noticed Beuf's ghost (veteran MiBe)
 56586 | Depths:4 | Noticed a juggernaut
 56587 | Depths:4 | Found a runed gate.
 56587 | Depths:4 | Found a runed gate.
 56587 | Depths:4 | Found a runed gate.
 56642 | Depths:4 | Killed a juggernaut
 56642 | Depths:4 | Reached XP level 26. HP: 201/237 MP: 35/40
 56670 | Depths:4 | Killed Beuf's ghost
 56689 | Depths:4 | Identified the cursed +0 helmet of Activism {rPois Int+5
                  | Dex-2} (You found it on level 4 of the Depths)
 56815 | Depths:4 | Received a gift from Okawaru
 57235 | Depths:4 | Received a gift from Okawaru
 57737 | Depths:5 | Entered Level 5 of the Depths
 57761 | Depths:5 | Received a gift from Okawaru
 57774 | Depths:5 | Identified the +8 faerie dragon scales {rCorr Dex+2}
 57774 | Depths:5 | Noticed the Enchantress
 57802 | Depths:5 | Received a gift from Okawaru
 58086 | Depths:5 | Killed the Enchantress
 58086 | Depths:5 | Received a gift from Okawaru
 58250 | Depths:5 | Found a portal to a secret trove of treasure.
 58359 | Depths:5 | You paid a toll of 6 potions of haste to enter a treasure
                  | trove
 58360 | Trove    | Entered a treasure trove
 58389 | Trove    | Found the +2 ratskin cloak {+Rats rPois rN+ Str-1 Int-1
                  | Dex+1}
 58413 | Trove    | Got an ancient ruby amulet
 58415 | Trove    | Got a translucent garnet amulet
 58418 | Trove    | Got a pitted platinum amulet
 58422 | Trove    | Identified the amulet "Oxek Iwa" {Inacc Int+5} (You found
                  | it in a treasure trove)
 58425 | Trove    | Identified the amulet "Giph" {Gourm *Contam rElec rPois}
                  | (You found it in a treasure trove)
 58427 | Trove    | Identified the amulet of the Original Sin {Acrobat SInv}
                  | (You found it in a treasure trove)
 58999 | Depths:5 | Found a gate to the Realm of Zot.
 59007 | Depths:5 | Received a gift from Okawaru
 59473 | Crypt:1  | Entered Level 1 of the Crypt
 59637 | Crypt:1  | Reached XP level 27. HP: 206/251 MP: 40/40
 60022 | Crypt:2  | Noticed Xtahua
 60034 | Crypt:2  | Killed Xtahua
 60044 | Crypt:2  | Received a gift from Okawaru
 60426 | Crypt:2  | Received a gift from Okawaru
 60886 | Crypt:2  | Received a gift from Okawaru
 60925 | Crypt:2  | Identified the +2 cloak of Distant Worlds {rC++ MR+}
                  | (Okawaru gifted it to you on level 2 of the Crypt)
 61358 | Crypt:3  | Entered Level 3 of the Crypt
 61710 | Crypt:3  | Found an ancient bone altar of Kikubaaqudgha.
 62069 | Crypt:3  | Identified the Handbook of Dried Tears
 62071 | Crypt:3  | Identified Borgnjor's Disquisition on Dark Rites
 62148 | Crypt:3  | Got a steaming golden ring
 62148 | Crypt:3  | Got a faintly glowing copper ring
 62153 | Crypt:3  | Got a steaming bone ring
 62159 | Crypt:3  | Identified the ring of Ivvaed {rF+ rN+ Str+7 Int+3} (You
                  | found it on level 3 of the Crypt)
 62164 | Crypt:3  | Identified the ring of Sudium {rElec rC+ rN+ Str+4 Stlth+}
                  | (You found it on level 3 of the Crypt)
 62169 | Crypt:3  | Identified the ring "Coihufag" {rF+ rN+} (You found it on
                  | level 3 of the Crypt)
 62715 | Crypt:3  | Found a staircase to the Tomb.
 62786 | Crypt:3  | Received a gift from Okawaru
 63038 | Tomb:1   | Entered Level 1 of the Tomb of the Ancients
 63403 | Tomb:1   | Noticed a greater mummy
 63420 | Tomb:1   | Noticed an ancient lich
 63598 | Tomb:1   | Killed a greater mummy
 63768 | Tomb:1   | Killed an ancient lich
 64550 | Zig:1    | Entered Level 1 of a ziggurat
 64568 | Zig:2    | Entered Level 2 of a ziggurat
 64569 | Zig:2    | Noticed Fefa the pandemonium lord
 64585 | Zig:2    | Killed Fefa the pandemonium lord
 64770 | Zig:3    | Entered Level 3 of a ziggurat
 64813 | Zig:4    | Entered Level 4 of a ziggurat
 64856 | Zig:5    | Entered Level 5 of a ziggurat
 64862 | Zig:5    | Noticed Xateocia the pandemonium lord
 64934 | Zig:5    | Killed Xateocia the pandemonium lord
 64934 | Zig:5    | Received a gift from Okawaru
 64964 | Zig:5    | Identified Qeghaysi's Papyrus of the Helpful Rocks
 65058 | Zig:6    | Entered Level 6 of a ziggurat
 65079 | Zig:6    | Gained mutation: You tend to lose your temper in combat. [a
                  | shining eye]
 65114 | Zig:6    | Identified the ring of the Tempest {rN+ Str+3} (You found
                  | it on level 6 of a ziggurat)
 65233 | Zig:6    | Lost mutation: Scrolls take you a little longer to read.
                  | [potion of mutation]
 65233 | Zig:6    | Lost mutation: Your system is resistant to poisons. (rPois)
                  | [potion of mutation]
 65233 | Zig:6    | Lost mutation: You tend to lose your temper in combat.
                  | [potion of mutation]
 65233 | Zig:6    | Gained mutation: Your movements are slightly less
                  | encumbered by armour. (ER -2) [potion of mutation]
 65233 | Zig:6    | Gained mutation: Your body sometimes deteriorates upon
                  | taking damage. [potion of mutation]
 65233 | Zig:6    | Gained mutation: Your mind is acute. (Int +2) [potion of
                  | mutation]
 65233 | Zig:6    | Gained mutation: Your mind is very acute. (Int +4) [potion
                  | of mutation]
 65235 | Zig:7    | Entered Level 7 of a ziggurat
 65305 | Zig:7    | Identified the Almanac of Saltpetre
 65311 | Zig:8    | Entered Level 8 of a ziggurat
 65319 | Zig:8    | Noticed Elod the pandemonium lord
 65324 | Zig:9    | Entered Level 9 of a ziggurat
 65465 | Zig:9    | Received a gift from Okawaru
 65873 | Zig:9    | Identified the Volume of Shifting Snow
 65878 | Zig:10   | Entered Level 10 of a ziggurat
 66076 | Zig:10   | Identified the ring of the Sun {rPois Dex+3} (You found it
                  | on level 10 of a ziggurat)
 66082 | Zig:11   | Entered Level 11 of a ziggurat
 66099 | Zig:11   | Noticed a juggernaut
 66101 | Zig:11   | Noticed a juggernaut
 66122 | Zig:11   | Killed a juggernaut
 66127 | Zig:11   | Killed a juggernaut
 66147 | Zig:11   | Found the +8 whip "Snakebite" {curare, rPois}
 66185 | Zig:12   | Entered Level 12 of a ziggurat
 66348 | Zig:12   | Identified the +6 broad axe "Wuecrouc" {freeze, Str+3
                  | Dex+4} (You found it on level 12 of a ziggurat)
 66352 | Zig:12   | Identified the ring of Picing {rF+ rC+ rN+} (You found it
                  | on level 12 of a ziggurat)
 66378 | Zig:13   | Entered Level 13 of a ziggurat
 66397 | Zig:13   | Noticed Laocw the pandemonium lord
 66397 | Zig:13   | Noticed Wuschey the pandemonium lord
 66410 | Zig:13   | Killed Wuschey the pandemonium lord
 66430 | Zig:13   | Noticed Ucwevoma the pandemonium lord
 66431 | Zig:13   | Killed Laocw the pandemonium lord
 66435 | Zig:13   | Noticed Nynk the pandemonium lord
 66440 | Zig:13   | Noticed Heilitus the pandemonium lord
 66446 | Zig:13   | Killed Ucwevoma the pandemonium lord
 66446 | Zig:13   | Received a gift from Okawaru
 66451 | Zig:13   | Noticed Iluhog the pandemonium lord
 66452 | Zig:13   | Noticed Caunihodgh the pandemonium lord
 66453 | Zig:13   | Killed Nynk the pandemonium lord
 66470 | Zig:13   | Killed Heilitus the pandemonium lord
 66488 | Zig:13   | Killed Caunihodgh the pandemonium lord
 66490 | Zig:13   | Killed Iluhog the pandemonium lord
 66515 | Zig:13   | Identified the Guide on Clay
 66523 | Zig:13   | Identified the ring "Kuydd" {rN+ Stlth+} (You found it on
                  | level 13 of a ziggurat)
 66525 | Zig:13   | Got a brightly glowing ruby amulet
 66526 | Zig:13   | Identified the amulet of Lasu {Acrobat rPois Dex+4 Slay+3}
                  | (You found it on level 13 of a ziggurat)
 66545 | Zig:14   | Entered Level 14 of a ziggurat
 66564 | Zig:14   | Found the +2 cloak of the Thief {+Fog Slay-2 SInv Stlth+}
 66583 | Zig:14   | Received a gift from Okawaru
 66634 | Zig:14   | Got a glittering marble ring
 66635 | Zig:14   | Identified the ring of Irrepressible Laughter {Str+5 Dex+3}
                  | (You found it on level 14 of a ziggurat)
 66739 | Zig:15   | Entered Level 15 of a ziggurat
 67021 | Depths:4 | Identified the +6 chain mail "Comnizij" {Str+5 Int+3} (You
                  | acquired it on level 4 of the Depths)
 67110 | Zot:1    | Entered Level 1 of the Realm of Zot
 67201 | Zot:1    | Received a gift from Okawaru
 68258 | Zot:2    | Upgraded the game from 0.23-a0-819-g6debee6 to
                  | 0.23-a0-831-g5da158a
 69307 | Zot:3    | Received a gift from Okawaru
 69944 | Zot:4    | Received a gift from Okawaru
 70425 | Zot:5    | Entered Level 5 of the Realm of Zot
 70425 | Zot:5    | Noticed an orb of fire
 70453 | Zot:4    | Gained mutation: You tend to lose your temper in combat.
                  | [an orb of fire]
 70456 | Zot:4    | Killed an orb of fire
 70533 | Zot:5    | Lost mutation: You tend to lose your temper in combat.
                  | [potion of mutation]
 70533 | Zot:5    | Lost mutation: Your mind is very acute. (Int +4) [potion of
                  | mutation]
 70533 | Zot:5    | Lost mutation: Your body sometimes deteriorates upon taking
                  | damage. [potion of mutation]
 70533 | Zot:5    | Lost mutation: Your mind is acute. (Int +2) [potion of
                  | mutation]
 70533 | Zot:5    | Gained mutation: Your movements are less encumbered by
                  | armour. (ER -4) [potion of mutation]
 70533 | Zot:5    | Gained mutation: You are dopey. (Int -2) [potion of
                  | mutation]
 70533 | Zot:5    | Gained mutation: You have a pair of small horns on your
                  | head. [potion of mutation]
 70533 | Zot:5    | Gained mutation: You are resistant to hostile enchantments.
                  | (MR+) [potion of mutation]
 71137 | Zot:5    | Noticed an orb of fire
 71149 | Zot:5    | Noticed an ancient lich
 71156 | Zot:5    | Killed an orb of fire
 71347 | Zot:5    | Noticed an ancient lich
 71364 | Zot:5    | Killed an ancient lich
 71589 | Zot:5    | Received a gift from Okawaru
 71595 | Zot:5    | Noticed an orb of fire
 71610 | Zot:5    | Gained mutation: You occasionally shout uncontrollably at
                  | your foes. [an orb of fire]
 71623 | Zot:5    | Killed an orb of fire
 71623 | Zot:5    | Reached skill level 15 in Dodging
 71762 | Zot:5    | Noticed an orb of fire
 71776 | Zot:5    | Noticed an ancient lich
 71780 | Zot:5    | Killed an ancient lich
 71798 | Zot:5    | Gained mutation: You are clumsy. (Dex -2) [an orb of fire]
 71800 | Zot:5    | Killed an orb of fire
 71807 | Zot:5    | Killed an ancient lich
 71807 | Zot:5    | Received a gift from Okawaru
 71815 | Zot:5    | Noticed an orb of fire
 71847 | Zot:5    | Noticed an ancient lich
 71849 | Zot:5    | Killed an orb of fire
 71862 | Zot:5    | Killed an ancient lich
 72139 | Zot:5    | Lost mutation: You have a pair of small horns on your head.
                  | [potion of mutation]
 72139 | Zot:5    | Lost mutation: You are resistant to hostile enchantments.
                  | (MR+) [potion of mutation]
 72139 | Zot:5    | Lost mutation: Your movements are less encumbered by
                  | armour. (ER -4) [potion of mutation]
 72139 | Zot:5    | Lost mutation: You are clumsy. (Dex -2) [potion of
                  | mutation]
 72139 | Zot:5    | Lost mutation: Your movements are slightly less encumbered
                  | by armour. (ER -2) [potion of mutation]
 72139 | Zot:5    | Gained mutation: You expend magic power (3 MP) to
                  | strengthen your wands. [potion of mutation]
 72139 | Zot:5    | Gained mutation: Your flesh is heat resistant. (rF+)
                  | [potion of mutation]
 72164 | Zot:5    | Got the Orb of Zot
 72434 | Depths:4 | Received a gift from Okawaru
 72654 | D:13     | Noticed Ziyhorimn the pandemonium lord
 72672 | D:13     | Killed Ziyhorimn the pandemonium lord
 72894 | D:8      | Noticed a seraph
 73088 | D:$      | Escaped with the Orb!

Vault maps used:
D:1:      saegor_arrival_simple_a, minmay_misc_feat_more_columns,
          evilmike_ruin_ashenzari
D:2:      lemuel_coloured_pillars_altar, serial_corexii_hall,
          chequers_hall_statues_corner_a, corexii_hall_statues_l,
          corexii_hall_statues_u, minmay_between
D:3:      minmay_skewed_foursquare, nicolae_overflow_crystal_walls
D:4:      eat_drink_and_be_merry_uskayaw, minmay_misc_feat_rows,
          uniq_crazy_yiuf_cottage
D:5:      nicolae_ossuary_entry_catacombs, first_ration, basic_altar,
          ebering_ghost_sewer_f, uniq_eustachio
D:6:      lemuel_round_altar, uniq_blork_the_orc
D:7:      overflow_temple_1_default, minmay_temple_entry_gardened_gates,
          biasface_ghost_orc_armoury
D:8:      grunt_temple_overflow_opulence, kennysheep_mini_moat,
          lemuel_doored_altar
D:9:      serial_shops, shop, uniq_erolcha, uniq_grum, uniq_psyche
D:10:     hangedman_pestilent_swarm, uniq_nergalle, uniq_maurice
D:11:     david_lair_shrubbed, hiddenorc2_lemuel, enter_bailey_3, serial_shops,
          bzr_entry_islet, uniq_erica
D:12:     gammafunk_ghost_smash
D:13:     glass_columns_a
D:14:     david_vaults_5, serial_glass, glass_columns_b, glass_columns_b,
          feat_on_display, minmay_mirror_moons_of_madness, uniq_snorg,
          uniq_azrael
D:15:     hangedman_slaughterboxes
Temple:   minmay_temple_forest_path
Lair:1:   special_room, infiniplex_staircase_pool_2
Lair:2:   special_room, minmay_stone_trees_small, fungi_pond_lemuel,
          nzn_random_ring, grunt_megastairs_2, serial_bayou_shore_a
Lair:3:   elwin_shoals_entry_stream, spider_nest_entry_funnel_web,
          gammafunk_ghost_cemetery, gauntlet_entry_generic, ice2_lemuel
Lair:4:   st_stairs_11, uniq_sonja
Lair:5:   minmay_slime_entry_eyes, bh_autumn_forest_stairs, lemuel_fruit_tree,
          lemuel_fruit_fields
Lair:6:   grunt_lair_end_beastmaster, basic_altar, st_stairs_11,
          serial_bayou_pond_d
Shoals:2: nicolae_shoals_cliffside_cave
Shoals:4: shoals_end_simple
Spider:1: gammafunk_the_bubble
Spider:2: spiders_nest_scorpion_pit, hangedman_spider_tarantella_strand,
          uniq_frances, uniq_agnes
Spider:3: uniq_arachne, uniq_nikola
Spider:4: guppyfry_spider_rune
Orc:1:    serial_shops, shop, shop, shop, nicolae_shop_overgrown_old_shop,
          basic_altar, nicolae_orc_rockfall, nooodl_orcs_dogs
Orc:2:    st_orc_pillars, nicolae_orc_stony_grotto
Elf:1:    minmay_the_grid_triangle_9x9_rhombus_thin,
          kennysheep_underground_church, einodemon_barbed_minivault
Elf:2:    einodemon_crawler_minivault
Elf:3:    grunt_elf_hall_branching, serial_shops, shop,
          nicolae_elf_stone_circles, minivault_25_ag, uniq_donald
Vaults:1: nicolae_vaults_network_s, vaults_room_door_ring, v_misc_19, v_rooms_2,
          hangedman_vaults_slice, ontoclasm_vaults_idyll,
          ontoclasm_vaults_tryst, hangedman_vaults_unwind,
          nicolae_vaults_little_ls, grunt_vaults_bifocal,
          hangedman_vaults_capsules, vaults_dpeg_ring, vaults_room_grid,
          serial_shops, shop
Vaults:2: hangedman_vaults_corner_blocks, ontoclasm_vaults_shuriken,
          nicolae_vaults_quadrants, vaults_dpeg_cross, v_misc_9,
          vaults_mumra_hex, nicolae_vaults_angled_halls, v_alt_pattern_4,
          nicolae_vaults_ring_of_whatevers, grunt_vaults_funnel, v_misc_26,
          v_pattern_2, nicolae_vaults_little_squares_3, vaults_mumra_chevron,
          serial_shops, bzr_entry_gold
Vaults:3: minmay_crypt_entry_skeletal_spiral, nicolae_vaults_network_periphery,
          nicolae_vaults_ring_of_whatevers, v_misc_28,
          nicolae_vaults_angled_halls, vaults_dpeg_diagonal,
          grunt_vaults_hallway_long, nicolae_vaults_mini_display_case, uniq_mara
Vaults:4: hangedman_vaults_stream, nicolae_vaults_triangles, v_misc_2,
          nicolae_vaults_specimen_jars, v_misc_12,
          vaults_room_hangedman_quadrants, v_misc_15,
          hangedman_vaults_variations, hangedman_vaults_nails,
          vaults_dpeg_encased_lava, v_alt_pattern_1, nicolae_vaults_asterisk,
          hangedman_vaults_corner_blocks
Vaults:5: serial_shops
Crypt:2:  minmay_skeleton_keep, st_stairs_4, uniq_xtahua
Crypt:3:  church_of_pain_bobbens, nicolae_tomb_entry_grand_gallery, st_stairs_4
Depths:1: minmay_octagon_keep, minmay_misc_feat_secret_circle, hell_entry,
          abyss_entry_crystal, serial_bayou_lake_a
Depths:2: minmay_polygon_palace, minmay_misc_feat_five, hell_entry,
          infiniplex_staircase_pool_1, minmay_shoptagon
Depths:3: hangedman_six_sided_sadism, serial_shops,
          nicolae_shop_temple_entry_statues_fountains, grunt_metal_band,
          serial_sigils_hangedman_scar, pan_entry, minmay_staircase_statues
Depths:4: hangedman_hanging_gardens, enter_ziggurat_b, pf_coc_iceberg,
          gammafunk_ghost_split, minmay_room_of_horrors, drop_trap
Depths:5: lemuel_castle_with_subvaults, hell_entry,
          nicolae_trove_entry_crossroad, chequers_serial_rivers_marsh,
          uniq_enchantress
Zot:1:    st_small_dragon_hoard_5
Zot:3:    skrybe_zot_glass_3
Zot:5:    grunt_ministairs_7
Zig:2:    ziggurat_pillar_centre_c
Zig:7:    ziggurat_pillar_centre_dispersal
Zig:14:   ziggurat_pillar_centre_dead_trees
Bazaar:   bazaar_jpeg_circle_common, bazaar_jpeg_honeycomb
Trove:    trove_garden
Ossuary:  ossuary_boxes_badplayer
Bailey:   bailey_polearm_5, bailey
Gauntlet: minmay_gauntlet_77_indecision

Skill      XL: |  1  2  3  4  5  6  7  8  9 10 11 12 13 14 15 16 17 18 19 20 21 22 23 24 25 26 27 |
---------------+----------------------------------------------------------------------------------+-----
Axes           | 3 4 5 7 8 9 11 12 14 16 18 20 21 25 | 25.2
Fighting       | 4 5 6 8 9 10 11 12 13 14 15 16 19 21 24 | 24.5
Armour         | 4 5 6 8 9 13 16 23 | 23.3
Shields        | 4 5 6 8 10 13 14 15 16 23 | 23.3
Dodging        | 3 5 6 10 12 16 | 16.2
Translocations | 3 7 9 12 | 12.0
Invocations    | 6 8 9 11 13 15 16 17 22 25 27 | 27.0
Evocations     | 5 6 8 |  8.5
Conjurations   | 7 |  7.4
Fire Magic     | 2 6 |  6.1
Throwing       | 7 |  7.5

Action                   |  1- 3 |  4- 6 |  7- 9 | 10-12 | 13-15 | 16-18 | 19-21 | 22-24 | 25-27 || total
-------------------------+-------+-------+-------+-------+-------+-------+-------+-------+-------++-------
Melee: War axe           |    96 |   159 |   600 |   784 |    34 |       |       |       |       ||  1673
       Morningstar       |       |       |       |     9 |       |       |       |       |       ||     9
       Broad axe         |       |       |       |       |   638 |       |   729 |  1734 |  4287 ||  7388
       Hand axe          |       |       |       |       |   797 |  1764 |  1422 |       |       ||  3983
       Headbutt          |       |       |       |       |       |       |       |       |   168 ||   168
Throw: Tomahawk          |       |       |    17 |     8 |       |       |       |       |       ||    25
       Javelin           |       |       |       |       |     1 |       |       |       |       ||     1
 Cast: Magic Dart        |       |       |       |     2 |       |     4 |    12 |       |     5 ||    23
       Blink             |       |       |       |       |     3 |     9 |     1 |       |    15 ||    28
       Apportation       |       |       |       |       |       |       |     4 |       |    12 ||    16
       Lesser Beckoning  |       |       |       |       |       |       |     2 |     8 |    33 ||    43
Invok: Heroism           |       |       |       |    12 |    10 |     3 |     3 |     5 |    23 ||    56
       Finesse           |       |       |       |     1 |     4 |     2 |     3 |     3 |    14 ||    27
Evoke: Wand              |       |     1 |    15 |    27 |     2 |    12 |    13 |       |    14 ||    84
  Use: Potion            |     3 |     1 |    11 |     7 |     5 |     1 |     6 |     7 |    35 ||    76
       Scroll            |     2 |     3 |    15 |    14 |    22 |    18 |    12 |    22 |    33 ||   141
 Stab: Paralysed         |       |       |       |    11 |       |       |       |       |     2 ||    13
       Sleeping          |       |       |       |     1 |    10 |    18 |    10 |     5 |       ||    44
       Distracted        |       |       |       |       |     2 |     1 |       |     2 |       ||     5
       Confused          |       |       |       |       |       |       |       |       |     9 ||     9
       Invisible         |       |       |       |       |       |       |       |       |     6 ||     6
       Petrifying        |       |       |       |       |       |       |       |       |     1 ||     1
  Eat: Chunk             |     2 |     6 |     7 |    14 |    15 |    14 |    18 |    10 |     7 ||    93
       Ration            |       |       |     4 |     3 |     6 |     5 |     4 |     6 |    18 ||    46
Armor: Scale mail        |    41 |    47 |       |       |       |       |       |       |       ||    88
       Chain mail        |       |     8 |   228 |   128 |       |       |       |       |       ||   364
       Steam dragon scal |       |       |       |    36 |       |       |       |       |       ||    36
       Troll leather arm |       |       |       |    30 |   227 |   247 |   190 |    51 |       ||   745
       Leather armour    |       |       |       |    26 |       |       |       |       |       ||    26
       Fire dragon scale |       |       |       |       |       |       |       |     5 |       ||     5
       Plate armour      |       |       |       |       |       |       |       |   123 |   539 ||   662
Dodge: Dodged            |    31 |    40 |   191 |   326 |   576 |   405 |   379 |   224 |   794 ||  2966
       Deflected         |       |       |     5 |     3 |     9 |     7 |    23 |    32 |    20 ||    99
Block: Shield            |    53 |    81 |   305 |   414 |   607 |       |       |       |       ||  1460
       Large shield      |       |       |       |       |   742 |  2213 |  2219 |  1345 |  3447 ||  9966
       Reflection        |       |       |       |       |    44 |    38 |   159 |       |       ||   241

Table legend:
 A = Non-vault XP
 B = Vault XP
 C = Vault XP percentage of total XP
 D = Non-vault monster count
 E = Vault monster count
 F = Vault count percentage of total count
                 A         B        C        D         E       F
            +---------+---------+-------+---------+---------+-------
      Total | 1123259 |  980778 |  46.6 |    1913 |    1262 |  39.7
            +---------+---------+-------+---------+---------+-------
        D:1 |      32 |       0 |   0.0 |      22 |       0 |   0.0
        D:2 |     223 |       4 |   1.8 |      18 |       3 |  14.3
        D:3 |      98 |     154 |  61.1 |      24 |       5 |  17.2
        D:4 |     100 |      39 |  28.1 |       7 |       1 |  12.5
        D:5 |     280 |     785 |  73.7 |      13 |      18 |  58.1
        D:6 |    1272 |      94 |   6.9 |      32 |       1 |   3.0
        D:7 |     669 |     653 |  49.4 |      21 |      10 |  32.3
        D:8 |    1602 |       0 |   0.0 |      29 |       0 |   0.0
        D:9 |    2567 |    1831 |  41.6 |      45 |       5 |  10.0
       D:10 |    4970 |    2408 |  32.6 |      27 |       6 |  18.2
       D:11 |    5931 |    1668 |  22.0 |      34 |      38 |  52.8
       D:12 |   10467 |       0 |   0.0 |      51 |       0 |   0.0
       D:13 |   15350 |     698 |   4.3 |      60 |       4 |   6.2
       D:14 |    3244 |    6049 |  65.1 |      14 |      11 |  44.0
       D:15 |       0 |   48755 | 100.0 |       0 |      89 | 100.0
     Lair:1 |    4596 |    2151 |  31.9 |      24 |      28 |  53.8
     Lair:2 |    3890 |    2340 |  37.6 |      16 |      11 |  40.7
     Lair:3 |    1574 |   10082 |  86.5 |       9 |      27 |  75.0
     Lair:4 |   10160 |    1204 |  10.6 |      34 |       4 |  10.5
     Lair:5 |    4490 |     578 |  11.4 |      16 |       2 |  11.1
     Lair:6 |    4770 |    7815 |  62.1 |      17 |      17 |  50.0
   Shoals:1 |   21190 |       0 |   0.0 |      41 |       0 |   0.0
   Shoals:2 |    9709 |       0 |   0.0 |      20 |       0 |   0.0
   Shoals:3 |   26400 |       0 |   0.0 |      45 |       0 |   0.0
   Shoals:4 |   16944 |   23788 |  58.4 |      32 |      36 |  52.9
   Spider:1 |   13600 |   10385 |  43.3 |      41 |      17 |  29.3
   Spider:2 |   15425 |   11871 |  43.5 |      40 |      21 |  34.4
   Spider:3 |   18670 |    7688 |  29.2 |      50 |       2 |   3.8
   Spider:4 |   21177 |   22755 |  51.8 |      62 |      36 |  36.7
      Orc:1 |    4725 |    1149 |  19.6 |      37 |      12 |  24.5
      Orc:2 |    2802 |    7903 |  73.8 |      31 |      58 |  65.2
      Elf:1 |   11175 |   13510 |  54.7 |      19 |      26 |  57.8
      Elf:2 |    7832 |   23439 |  75.0 |      13 |      33 |  71.7
      Elf:3 |   25617 |   45651 |  64.1 |      41 |      33 |  44.6
   Vaults:1 |   58783 |   19546 |  25.0 |      94 |      30 |  24.2
   Vaults:2 |   20429 |   17982 |  46.8 |      32 |      22 |  40.7
   Vaults:3 |   20019 |   27960 |  58.3 |      34 |      30 |  46.9
   Vaults:4 |   30245 |   51792 |  63.1 |      51 |      57 |  52.8
   Vaults:5 |   16841 |   95676 |  85.0 |      26 |      73 |  73.7
    Crypt:1 |   28242 |       0 |   0.0 |      50 |       0 |   0.0
    Crypt:2 |   34466 |   40118 |  53.8 |      48 |      58 |  54.7
    Crypt:3 |   17377 |   50979 |  74.6 |      30 |      89 |  74.8
     Tomb:1 |    6390 |   56472 |  89.8 |      18 |      41 |  69.5
   Depths:1 |   34800 |   11085 |  24.2 |      46 |      13 |  22.0
   Depths:2 |   25651 |   12652 |  33.0 |      37 |      15 |  28.8
   Depths:3 |   36113 |   48310 |  57.2 |      47 |      53 |  53.0
   Depths:4 |   64872 |   50723 |  43.9 |      75 |      46 |  38.0
   Depths:5 |   16843 |   58986 |  77.8 |      15 |      50 |  76.9
      Zot:1 |   26352 |   10448 |  28.4 |      20 |       4 |  16.7
      Zot:2 |   33346 |       0 |   0.0 |      21 |       0 |   0.0
      Zot:3 |   45388 |       0 |   0.0 |      29 |       0 |   0.0
      Zot:4 |   93191 |       0 |   0.0 |      53 |       0 |   0.0
      Zot:5 |   47803 |  160405 |  77.0 |      28 |      40 |  58.8
      Zig:1 |    1021 |       0 |   0.0 |       2 |       0 |   0.0
      Zig:2 |    3149 |       0 |   0.0 |       3 |       0 |   0.0
      Zig:3 |    3117 |       0 |   0.0 |       5 |       0 |   0.0
      Zig:4 |    4614 |       0 |   0.0 |       7 |       0 |   0.0
      Zig:5 |   16754 |       0 |   0.0 |       4 |       0 |   0.0
      Zig:6 |    6465 |     632 |   8.9 |       9 |       1 |  10.0
      Zig:7 |    9144 |       0 |   0.0 |      12 |       0 |   0.0
      Zig:9 |    7849 |       0 |   0.0 |      21 |       0 |   0.0
     Zig:10 |   14435 |       0 |   0.0 |      14 |       0 |   0.0
     Zig:11 |   25185 |       0 |   0.0 |      25 |       0 |   0.0
     Zig:12 |   20348 |       0 |   0.0 |      27 |       0 |   0.0
     Zig:13 |   59336 |       0 |   0.0 |      16 |       0 |   0.0
     Zig:14 |   19895 |       0 |   0.0 |      28 |       0 |   0.0
     Zig:15 |    3245 |       0 |   0.0 |       1 |       0 |   0.0
    Ossuary |       0 |     680 | 100.0 |       0 |      37 | 100.0
     Bailey |       0 |    2964 | 100.0 |       0 |      37 | 100.0
   Gauntlet |       0 |    7921 | 100.0 |       0 |      12 | 100.0
            +---------+---------+-------+---------+---------+-------
